 Dungeon Crawl Stone Soup version 0.28.0-53-g5a82cb258f (webtiles) character file.

Game seed: 4648304902753985022

4 DemonSlayer the Firebug (level 1, 0/13 HPs)
             Began as a Demonspawn Fire Elementalist on July 21, 2022.
             Slain by a rat (2 damage)
             ... on level 1 of the Dungeon.
             The game lasted 00:00:34 (101 turns).

DemonSlayer the Firebug (DsFE)                       Turns: 101, Time: 00:00:34

Health: 0/13       AC:  2    Str:  8    XL:     1   Next: 58%
Magic:  2/3        EV: 12    Int: 16    God:
Gold:   0          SH:  0    Dex: 13    Spells: 3/4 levels left

rFire   . . .      SeeInvis .   (no weapon)
rCold   . . .      Faith    .   (no shield)
rNeg    . . .      Spirit   .   a - +0 robe
rPois   .          Reflect  .   (no helmet)
rElec   .          Harm     .   (no cloak)
rCorr   .          Rampage  .   (no gloves)
Will    .....                   (no boots)
Stlth   ++........              (no amulet)
HPRegen 0.04/turn               (no ring)
MPRegen 0.08/turn               (no ring)

@: no status effects
A: no striking features
a: no special abilities


You were on level 1 of the Dungeon.
You visited 1 branch of the dungeon, and saw 1 of its levels.

Inventory:

Armour
 a - a +0 robe (worn)
Potions
 b - a potion of curing {unknown}


   Skills:
 + Level 2.0 Dodging
 + Level 1.7 Stealth
 + Level 2.0 Spellcasting
 + Level 1.0 Conjurations
 + Level 2.7 Fire Magic


You had 3 spell levels left.
You knew the following spells:

 Your Spells              Type           Power      Damage    Failure   Level
a - Foxfire               Conj/Fire      28%        2x1d5     10%         1

Your spell library contained the following spells:

 Spells                   Type           Power      Damage    Failure   Level
 Scorch                   Fire           20%        2d6       10%         2
 Conjure Flame            Conj/Fire      7%         6-21      28%         3
 Inner Flame              Hex/Fire       6%         N/A       34%         3
 Flame Wave               Conj/Fire      7%         2d5       67%         4


Dungeon Overview and Level Annotations

Branches:
Dungeon (1/15)

Altars:


Message History

The bat closely misses you. The bat barely misses you.
The bat hits you but does no damage.
You see here a scroll labelled DYXZIA LAFREP.
The bat barely misses you. x2
The bat hits you but does no damage. The bat barely misses you.
A frilled lizard comes into view.
The bat barely misses you. The bat hits you but does no damage.
The bat barely misses you.
You conjure some foxfire!
The bat closely misses you.
You are too depleted to draw on your mana recklessly!
You are too depleted to draw on your mana recklessly!
You are too depleted to draw on your mana recklessly!
You are too depleted to draw on your mana recklessly!
Your foxfire dissipates!
The frilled lizard hisses angrily.
The foxfire hits the bat.
You kill the bat!
The frilled lizard bites you.
There are monsters nearby!
You are too injured to fight recklessly!
You are too injured to fight recklessly!
You are too injured to fight recklessly!
A rat comes into view.
The frilled lizard bites you. The rat misses you. The frilled lizard bites you.
* * * LOW HITPOINT WARNING * * *
The rat barely misses you.
You hit the rat but do no damage. The frilled lizard closely misses you.
The endoplasm barely misses you. The rat bites you but does no damage.
You completely miss the rat. The frilled lizard barely misses you.
The endoplasm jiggles.
The endoplasm barely misses you. The rat bites you.
* * * LOW HITPOINT WARNING * * *
You closely miss the rat. The endoplasm barely misses you.
The frilled lizard bites you.
* * * LOW HITPOINT WARNING * * *
The rat bites you.
You die...

# #. .. #. +.# #.♣
♣.# #..♣♣ #.##
#r@♣♣ ##..#####
##Jl♣♣ ♣.......
##..♣♣♣♣♣♣.###.###
##...............
##........##.##.
###########.##.
#.... #.##. #.###


You could see an endoplasm, a frilled lizard and a rat.

Vanquished Creatures
  An endoplasm (D:1)
  A goblin (D:1)
  2 bats (D:1)
4 creatures vanquished.

Vanquished Creatures (others)
  8 foxfires (D:1)
8 creatures vanquished.

Grand Total: 12 creatures vanquished

Notes
Turn   | Place    | Note
-------+----------+-------------------------------------------
     0 | D:1      | DemonSlayer the Demonspawn Fire Elementalist began the
                  | quest for the Orb.
     0 | D:1      | Reached XP level 1. HP: 13/13 MP: 3/3
   101 | D:1      | Slain by a rat

Illustrated notes

Levels and vault maps discovered:
D:1:      amcnicky_arrival_double_pillar, layout_loops_cross,
          dilly_ecumenical_altar_fadedgnrine, minmay_crystal_room,
          amcnicky_mini_corridor_feature, minmay_misc_feat_doors, st_stairs_10,
          minmay_gold_behind_fungi, minmay_tetromino_i4

Skill      XL: |  1 |
---------------+----+-----
Dodging        | 2 |  2.0
Stealth        | |  1.7
Spellcasting   | |  2.0
Conjurations   | |  1.0
Fire Magic     | |  2.7

Action                   || total
-------------------------++-------
Melee: Unarmed           ||     5
 Cast: Foxfire           ||     7
Armor: Robe              ||     8
Dodge: Dodged            ||    25
